 Dungeon Crawl Stone Soup version 0.30-a0-367-g839099abd5 (webtiles) character file.

Game seed: 7238751962225757346

1398 Bnni the Spear-Bearer (level 9, -3/72 HPs)
             Began as a Formicid Fighter on Nov 18, 2022.
             Was an Initiate of Yredelemnul.
             Slain by a vampire mosquito (8 damage)
             ... on level 6 of the Dungeon.
             The game lasted 00:07:06 (4215 turns).

Bnni the Spear-Bearer (Formicid Fighter)            Turns: 4215, Time: 00:07:08

Health: -3/72      AC:  6    Str: 26    XL:     9   Next: 0%
Magic:  9/10       EV: 13    Int:  7    God:    Yredelemnul [......]
Gold:   209        SH:  5    Dex: 13    Spells: 8/8 levels left

rFire   + . .      SeeInvis +    j - +5 quarterstaff "Dedegala" {elec, rPois rF+ rC+}
rCold   + . .      Faith    +    c - +0 buckler
rNeg    + . .      Spirit   .    b - +0 scale mail
rPois   +          Reflect  .    (helmet unavailable)
rElec   .          Harm     .    (no cloak)
rCorr   .          Rampage  .    (no gloves)
Will    .....                    (no boots)
Stlth   ..........               z - amulet of faith
HPRegen 0.32/turn                r - ring of positive energy
MPRegen 0.12/turn                h - +4 ring of evasion

@: marked, invisible
A: permanent stasis, dig shafts and tunnels, antennae 3, four strong arms
a: Dig, Shaft Self, Renounce Religion, Recall Undead Harvest


You were on level 6 of the Dungeon.
You worshipped Yredelemnul.
Yredelemnul was noncommittal.
You visited 2 branches of the dungeon, and saw 7 of its levels.

You collected 209 gold pieces.

Inventory:

Hand Weapons
 a - a +0 trident
 j - the +5 quarterstaff "Dedegala" (weapon) {elec, rPois rF+ rC+}
   (You found it on level 2 of the Dungeon)

   It occasionally discharges a powerful burst of electricity upon striking a
   foe.
   rF:        It protects you from fire.
   rC:        It protects you from cold.
   rPois:     It protects you from poison.
 o - a +0 scythe
Missiles
 i - 2 poisoned darts (quivered)
 w - 3 silver boomerangs
Armour
 b - a +0 scale mail (worn)
 c - a +0 buckler (worn)
Jewellery
 h - a +4 ring of evasion (right hand)
 r - a ring of positive energy (left hand)
 z - an amulet of faith (around neck)
Wands
 q - a wand of acid (15)
Scrolls
 k - 2 scrolls of enchant weapon {unknown}
 l - 6 scrolls of teleportation {unknown}
 m - 5 scrolls of vulnerability {unknown}
 n - 2 scrolls of blinking {unknown}
 p - a scroll of immolation {unknown}
 s - a scroll of summoning {unknown}
 u - a scroll of fear {unknown}
 y - a scroll of identify
 B - a scroll of torment {unknown}
Potions
 d - a potion of might
 e - 2 potions of degeneration {unknown}
 g - a potion of flight
 t - 2 potions of attraction {unknown}
 x - a potion of curing {unknown}
 A - a potion of haste


   Skills:
 + Level 7.0 Fighting
 * Level 8.4 Polearms
 - Level 3.2 Armour
 - Level 5.0 Shields
 + Level 2.0 Invocations


You had 8 spell levels left.
You didn't know any spells.
Your spell library contained the following spells:

 Spells                   Type           Power      Damage    Failure   Level
 Sting                    Tmut/Pois      0%         1d3       78%         1
 Poisonous Vapours        Pois/Air       0%         N/A       89%         2
 Vhi's Electric Charge    Tloc/Air       0%         N/A       98%         3
 Olgreb's Toxic Radiance  Pois           0%         N/A       100%        4
 Arcjolt                  Conj/Air       0%         1d10      100%        5
 Maxwell's Capacitive Co  Air            0%         ∞         100%        8


Dungeon Overview and Level Annotations

Branches:
Dungeon (6/15)             Temple (1/1) D:5

Altars:
Ashenzari
Cheibriados
Dithmenos
Elyvilon
Fedhas
Gozag
Kikubaaqudgha
Makhleb
Okawaru
Ru
Sif Muna
Trog
Uskayaw
Vehumet
Wu Jian
Yredelemnul
Zin
The Shining One

Shops:
D:1 [   D:4 =   D:5 [!?:(


Innate Abilities, Weirdness & Mutations

You cannot be hasted, slowed, berserked, paralysed or teleported.
You can dig through walls and to a lower floor.
You have a pair of large antennae on your head. (SInv)
Your four strong arms can wield two-handed weapons with a shield.


Message History

The ice beast is moderately wounded.
The vampire mosquito bites your iguana zombie.
The vampire mosquito bites your iguana zombie but does no damage.
The ice beast hits you but does no damage.
The vampire mosquito bites your iguana zombie but does no damage.
The vampire mosquito bites your iguana zombie.
You thump the ice beast!
The ice beast is severely wounded.
The vampire mosquito barely misses your iguana zombie.
The vampire mosquito bites your iguana zombie but does no damage.
The ice beast hits you but does no damage.
Your iguana zombie barely misses the vampire mosquito.
The vampire mosquito bites your iguana zombie!
Your iguana zombie is destroyed!
The ice beast hits you.
* * * LOW HITPOINT WARNING * * *
The ice beast freezes you! You resist.
* * * LOW HITPOINT WARNING * * *
You fade into invisibility!
The vampire mosquito closely misses you.
The ice beast closely misses you. The gnoll misses you.
The vampire mosquito completely misses you.
The vampire mosquito bites you.
* * * LOW HITPOINT WARNING * * *
The vampire mosquito draws strength from your injuries!
Okay, then.
Are you sure you want to shaft yourself?
The vampire mosquito misses you.
The vampire mosquito completely misses you.
The vampire mosquito bites you.
* * * LOW HITPOINT WARNING * * *
You block the vampire mosquito's attack.
The ice beast completely misses you.
The gnoll hits you from afar with a +0 halberd.
* * * LOW HITPOINT WARNING * * *
You begin to dig a shaft.
You continue digging a shaft.
The vampire mosquito closely misses you.
The vampire mosquito bites you!
You die...
Your body rises from the dead as a mindless zombie.

#. #. ##....### ##. ...
#. ####.......# .{#
##..##.# #.....##.### .
#o.##......###...######
.<#.{....#....##..##
#..#.g..##.....#...#
...Y....##.........#
...$..{{####......##
...##.{#Y@....####
.......hgyy...##
......#.gy##.##
.......####### ..##...
. ....# ....# ...# ..#


You could see 3 vampire mosquitoes, an ice beast (unable to see you), a hound
and 2 gnolls.

Vanquished Creatures
  Sigmund (D:2)
  5 ogres
  A phantom (D:5)
  The ghost of Odexios the Sneak, an amateur OpTm (D:4)
  4 killer bees (D:5)
  A howler monkey (D:6)
  2 hounds (D:5)
  2 orc priests
  Jessica (D:3)
  2 iguanas
  3 orc wizards
  7 adders
  A shadow imp (D:5)
  A white imp (D:5)
  2 worms (D:2)
  A dart slug (D:4)
  5 orcs
  5 bats
  6 endoplasms
  A giant cockroach (D:4)
  4 goblins
  8 hobgoblins
  5 jackals
  2 quokkas
  5 ball pythons
  3 frilled lizards
  6 kobolds
  6 rats
91 creatures vanquished.

Vanquished Creatures (collateral kills)
  An orc priest (D:5)
  An iguana (D:6)
  An orc (D:5)
3 creatures vanquished.

Vanquished Creatures (others)
  An ogre zombie (D:6)
  A howler monkey zombie (D:6)
  An iguana zombie (D:6)
3 creatures vanquished.

Grand Total: 97 creatures vanquished

Notes
Turn   | Place    | Note
-------+----------+-------------------------------------------
     0 | D:1      | Bnni the Formicid Fighter began the quest for the Orb.
     0 | D:1      | Reached XP level 1. HP: 18/18 MP: 1/1
   127 | D:1      | Reached XP level 2. HP: 24/24 MP: 2/2
   282 | D:1      | Found a faded altar of an unknown god.
   332 | D:1      | Found Kemeff's Antique Armour Boutique.
   383 | D:1      | Reached XP level 3. HP: 29/29 MP: 3/3
   758 | D:2      | Identified the +5 quarterstaff "Dedegala" {elec, rPois rF+
                  | rC+}
  1021 | D:2      | Noticed Sigmund
  1026 | D:2      | Killed Sigmund
  1027 | D:2      | Reached skill level 4 in Polearms
  1027 | D:2      | Reached skill level 5 in Shields
  1027 | D:2      | Reached XP level 4. HP: 38/38 MP: 4/4
  1027 | D:2      | Reached XP level 5. HP: 43/43 MP: 5/5
  1027 | D:2      | Reached XP level 6. HP: 49/49 MP: 6/6
  1683 | D:3      | Noticed Jessica
  1687 | D:3      | Killed Jessica
  1688 | D:3      | Reached skill level 5 in Polearms
  2124 | D:4      | Found Teifo Xutz's One-of-a-Kind Rings.
  2138 | D:4      | Found a transporter.
  2241 | D:4      | Noticed Odexios's ghost (amateur OpTm)
  2243 | D:4      | Identified the +1 dire flail "Aliyps" {freeze, Str+3}
  2243 | D:4      | Noticed an ogre
  2243 | D:4      | Noticed an ogre
  2249 | D:4      | Killed an ogre
  2250 | D:4      | Reached skill level 5 in Fighting
  2250 | D:4      | Reached XP level 7. HP: 56/56 MP: 7/7
  2253 | D:4      | Found a transporter.
  2270 | D:4      | Reached skill level 6 in Polearms
  2274 | D:4      | Killed Odexios's ghost
  2654 | D:4      | Found a bloodstained altar of Trog.
  2946 | D:5      | Entered Level 5 of the Dungeon
  2984 | D:5      | Reached XP level 8. HP: 33/64 MP: 8/8
  2990 | D:5      | Reached skill level 7 in Polearms
  3008 | D:5      | HP: 3/64 [poisoned by a killer bee]
  3269 | D:5      | Found Uffeecim's Distillery.
  3307 | D:5      | Found Poel's Armour Shop.
  3335 | D:5      | Found Met Othrui's Antique Weapon Boutique.
  3375 | D:5      | Found a staircase to the Ecumenical Temple.
  3384 | Temple   | Entered the Ecumenical Temple
  3392 | Temple   | Became a worshipper of Yredelemnul the Dark
  3601 | D:5      | Reached * piety under Yredelemnul
  3792 | D:5      | Reached skill level 8 in Polearms
  3812 | D:5      | Found Baogg's Magic Scroll Boutique.
  3838 | D:5      | Found Zilunn's Book Shoppe.
  4132 | D:6      | Reached skill level 1 in Invocations
  4206 | D:6      | Reached XP level 9. HP: 40/72 MP: 8/10
  4215 | D:6      | Slain by a vampire mosquito

Illustrated notes

Levels and vault maps discovered:
D:1:      minmay_arrival_open_corners, layout_basic,
          hellmonk_ecumenical_altar_run_dry, serial_shops, shop,
          minmay_liquid_box
D:2:      layout_basic, hangedman_decor_points, kennysheep_generic_room_7,
          uniq_sigmund
D:3:      layout_loops_ring, kennysheep_flooded_box, grunt_decor_arrowhead,
          uniq_jessica
D:4:      layout_cave_pods, trog_book, gammafunk_ghost_smash,
          nicolae_shop_unique_rings
D:5:      layout_basic, minmay_temple_entry_proselytizer, serial_shops, shop,
          shop, shop, nicolae_shop_hallway_plus, kennysheep_mini_moat,
          hangedman_abyss_or_decor_stabs, dreamdust_princess_corridor
D:6:      layout_cave_pools, dreamdust_gnoll_farm
Temple:   sentei_temple_godly_chess

Skill      XL: |  1  2  3  4  5  6  7  8 |
---------------+-------------------------+-----
Fighting       | 4 5 6 7 |  7.0
Polearms       | 4 5 6 8 |  8.4
Shields        | 5 |  5.0
Invocations    | 2 |  2.0
Armour         | |  3.2

Action                   |  1- 3 |  4- 6 |  7- 9 || total
-------------------------+-------+-------+-------++-------
Melee: Trident           |    58 |       |       ||    58
       Quarterstaff      |    24 |    60 |   121 ||   205
 Abil: Shaft Self        |       |       |     1 ||     1
  Use: Scroll            |       |     3 |     1 ||     4
       Potion            |       |       |     3 ||     3
Armor: Scale mail        |    24 |    21 |    38 ||    83
Dodge: Dodged            |    24 |    34 |    81 ||   139
Block: Buckler           |    15 |     8 |    32 ||    55

Table legend: (Time is in decaauts)
 A = Elapsed time spent in this place.
 B = Non-inter-level travel time spent in this place.
 C = Inter-level travel time spent in this place.
 D = Time resting spent in this place.
 E = Time spent auto-exploring this place.
 F = Levels seen in this place.
 G = Mean time per level.
                   A        B        C        D        E       F      G
               +--------+--------+--------+--------+--------+-----+--------+
         Total |   4258 |   4129 |    129 |    203 |   3231 |   7 |  608.3 |
       Dungeon |   4241 |   4112 |    129 |    203 |   3231 |   6 |  706.8 |
        Temple |     16 |     16 |      0 |      0 |      0 |   1 |   16.0 |
               +--------+--------+--------+--------+--------+-----+--------+

Top non-repeatable levels by time:
     D:4: 1055 daAuts
     D:5: 979 daAuts
     D:2: 854 daAuts
     D:3: 650 daAuts
     D:1: 603 daAuts
     D:6: 98 daAuts
  Temple: 16 daAuts
